SOL
MONTGOMERY REBELS @ CHARLOTTE HORNETS
05/14/1982
 
TOP OF THE 1ST
Montgomery Rebels batting - Pitching for Charlotte Hornets : RHP Timothy Kammeyer
Pitching: RHP Timothy Kammeyer
Batting: SHB Arthur Fischetti 0-0: Ball
1-0: Ball
2-0: Ball
3-0: Called Strike
3-1: Foul Ball, location: 2F
3-2: Foul Ball, location: 2F
3-2: Base on Balls
Batting: RHB Jarrett Sterner 0-0: Ball
Wild Pitch!
Arthur Fischetti to second
1-0: Called Strike
1-1: Ball
2-1: Foul Ball, location: 2F
2-2: Strikes out looking
Batting: LHB Ray Crowley 0-0: Ball
1-0: Ball
Wild Pitch!
Arthur Fischetti to third
2-0: Called Strike
2-1: Swinging Strike
2-2: Fly out, F7 (Flyball, 7LM, EV 87.5 MPH)
Runner from 3rd tags up, SCORES, throw by LF
Batting: RHB Milt Jefferson 0-0: Called Strike
0-1: Ball
1-1: SINGLE (Groundball, 6MD, EV 102.5 MPH)
Batting: RHB Glenn Williams 0-0: Foul Ball, location: 2F
0-1: Ball
1-1: Ball
2-1: Ball
3-1: Called Strike
3-2: Fly out, F2 (Popup, 2L, EV 93.1 MPH)
Top of the 1st over - 1 run, 1 hit, 0 errors, 1 left on base; Montgomery 1 - Charlotte 0
BOTTOM OF THE 1ST
Charlotte Hornets batting - Pitching for Montgomery Rebels : RHP Emilio Bejar
Pitching: RHP Emilio Bejar
Batting: LHB Jesus Diaz 0-0: Foul Ball, location: 2F
0-1: Ball
1-1: Ball
2-1: Called Strike
2-2: Ball
3-2: Ground out 4-3 (Groundball, 4, EV 96.3 MPH)
Batting: RHB Juan Bonilla 0-0: Ball
1-0: Foul Ball, location: 2F
1-1: Fly out, F7 (Flyball, 78D, EV 91.9 MPH)
Batting: RHB Ron Johnson 0-0: Called Strike
0-1: Ground out U3 (Groundball, 34S, EV 77.5 MPH)
Bottom of the 1st over - 0 runs, 0 hits, 0 errors, 0 left on base; Montgomery 1 - Charlotte 0
TOP OF THE 2ND
Montgomery Rebels batting - Pitching for Charlotte Hornets : RHP Timothy Kammeyer
Batting: RHB Roberto Palacios 0-0: Called Strike
0-1: Called Strike
0-2: Strikes out swinging
Batting: RHB Jeff Schumaker 0-0: Called Strike
0-1: Foul Ball, location: 2F
0-2: Strikes out looking
Batting: SHB Mike Thorpe 0-0: Ball
1-0: Called Strike
1-1: Ball
2-1: Ball
3-1: Foul Ball, location: 2F
3-2: Foul Ball, location: 2F
3-2: Base on Balls
Batting: RHB Mike Colbern 0-0: Called Strike
0-1: Foul Ball, location: 2F
0-2: Ball
1-2: Strikes out swinging
Top of the 2nd over - 0 runs, 0 hits, 0 errors, 1 left on base; Montgomery 1 - Charlotte 0
BOTTOM OF THE 2ND
Charlotte Hornets batting - Pitching for Montgomery Rebels : RHP Emilio Bejar
Batting: RHB Tom Romano 0-0: Ball
1-0: Fly out, F8 (Flyball, 8LXD, EV 95.0 MPH)
Batting: RHB Alvaro Espinoza 0-0: Foul Ball, location: 2F
0-1: Swinging Strike
0-2: Strikes out swinging
Batting: LHB Richard Berg 0-0: Swinging Strike
0-1: Called Strike
0-2: SINGLE (Flyball, 6D, EV 90.0 MPH)
Batting: SHB Jose Mota 0-0: Ball
Richard Berg is caught stealing 2nd base 2-6
Bottom of the 2nd over - 0 runs, 1 hit, 0 errors, 0 left on base; Montgomery 1 - Charlotte 0
TOP OF THE 3RD
Montgomery Rebels batting - Pitching for Charlotte Hornets : RHP Timothy Kammeyer
Batting: SHB Arthur Fischetti 0-0: Called Strike
0-1: Ground out 5-3 (Groundball, 56S, EV 77.5 MPH)
Batting: RHB Jarrett Sterner 0-0: Ball
1-0: Called Strike
1-1: Fly out, F7 (Flyball, 78D, EV 105.6 MPH)
Batting: LHB Ray Crowley 0-0: Called Strike
0-1: Foul Ball, location: 2F
0-2: Foul Ball, location: 2F
0-2: Ball
1-2: Foul Ball, location: 2F
1-2: Fly out, F8 (Flyball, 78XD, EV 108.1 MPH)
Top of the 3rd over - 0 runs, 0 hits, 0 errors, 0 left on base; Montgomery 1 - Charlotte 0
BOTTOM OF THE 3RD
Charlotte Hornets batting - Pitching for Montgomery Rebels : RHP Emilio Bejar
Batting: SHB Jose Mota 0-0: Foul Ball, location: 2F
0-1: Ball
1-1: Called Strike
1-2: Foul Ball, location: 2F
1-2: Strikes out swinging
Batting: RHB John O'Rear 0-0: Ball
1-0: Ground out 6-3 (Groundball, 6, EV 104.4 MPH)
Batting: RHB Richard Bradley 0-0: Ball
1-0: Called Strike
1-1: Ball
2-1: Foul Ball, location: 2F
2-2: Fly out, F8 (Flyball, 78M, EV 87.5 MPH)
Bottom of the 3rd over - 0 runs, 0 hits, 0 errors, 0 left on base; Montgomery 1 - Charlotte 0
TOP OF THE 4TH
Montgomery Rebels batting - Pitching for Charlotte Hornets : RHP Timothy Kammeyer
Batting: RHB Milt Jefferson 0-0: Ball
1-0: Called Strike
1-1: Fly out, F5 (Flyball, 5D, EV 73.8 MPH)
Batting: RHB Glenn Williams 0-0: Called Strike
0-1: Ball
1-1: Fly out, F7 (Line Drive, 7, EV 101.3 MPH)
Batting: RHB Roberto Palacios 0-0: Called Strike
0-1: Ground out 4-3 (Groundball, 4M, EV 104.4 MPH)
Top of the 4th over - 0 runs, 0 hits, 0 errors, 0 left on base; Montgomery 1 - Charlotte 0
BOTTOM OF THE 4TH
Charlotte Hornets batting - Pitching for Montgomery Rebels : RHP Emilio Bejar
Batting: LHB Jesus Diaz 0-0: Called Strike
0-1: Ball
1-1: Ball
2-1: Ball
3-1: Base on Balls
Batting: RHB Juan Bonilla 0-0: DOUBLE (Line Drive, 7LM, EV 106.9 MPH)
Jesus Diaz to third
Runner from 3rd tries for Home, SAFE, no throw by LF
Batting: RHB Ron Johnson 0-0: Foul Ball, location: 2F
0-1: Called Strike
0-2: Ball
1-2: Foul Ball, location: 2F
1-2: SINGLE (Line Drive, 5D, EV 102.5 MPH)
Juan Bonilla to third
Runner from 3rd tries for Home, SAFE, throw by LF to home
Batting: RHB Tom Romano 0-0: Swinging Strike
0-1: Fly out, F9 (Line Drive, 9, EV 88.1 MPH)
Batting: RHB Alvaro Espinoza 0-0: Called Strike
0-1: Ball
1-1: Grounds into double play, 6-4-3 (Groundball, 6, EV 103.1 MPH)
Bottom of the 4th over - 2 runs, 2 hits, 0 errors, 0 left on base; Montgomery 1 - Charlotte 2
TOP OF THE 5TH
Montgomery Rebels batting - Pitching for Charlotte Hornets : RHP Timothy Kammeyer
Batting: RHB Jeff Schumaker 0-0: Ball
1-0: Ball
2-0: Called Strike
2-1: Fly out, F6 (Popup, 56D, EV 64.4 MPH)
Batting: SHB Mike Thorpe 0-0: Ball
1-0: Ball
2-0: Ball
3-0: Called Strike
3-1: Base on Balls
Batting: RHB Mike Colbern 0-0: Ball
1-0: Ball
2-0: Called Strike
2-1: Ball
3-1: SINGLE (Flyball, 5D, EV 96.9 MPH)
Mike Thorpe to second
Batting: SHB Arthur Fischetti 0-0: Foul Ball, location: 2F
0-1: Foul Ball, location: 2F
0-2: Ball
1-2: Ball
2-2: DOUBLE (Line Drive, 7LD, EV 110.0 MPH)
Mike Thorpe scores
Mike Colbern to third
Batting: RHB Jarrett Sterner 0-0: Called Strike
0-1: SINGLE (Flyball, 7S, EV 85.6 MPH)
Mike Colbern scores
Arthur Fischetti to third
Batting: LHB Ray Crowley 0-0: Foul Ball, location: 2F
0-1: Fly out, F8 (Flyball, 8LS, EV 82.5 MPH)
Runner from 3rd tags up, SCORES, throw by CF
Batting: RHB Milt Jefferson 0-0: Ball
1-0: Ground out 6-3 (Groundball, 6D, EV 105.6 MPH)
Top of the 5th over - 3 runs, 3 hits, 0 errors, 1 left on base; Montgomery 4 - Charlotte 2
BOTTOM OF THE 5TH
Charlotte Hornets batting - Pitching for Montgomery Rebels : RHP Emilio Bejar
Batting: LHB Richard Berg 0-0: DOUBLE (Line Drive, 78M, EV 112.5 MPH)
Batting: SHB Jose Mota 0-0: Ball
1-0: Called Strike
1-1: Swinging Strike
1-2: Strikes out swinging
Batting: RHB John O'Rear 0-0: Foul Ball, location: 2F
0-1: Ball
1-1: Ball
2-1: Fly out, F6 (Flyball, 56D, EV 83.8 MPH)
Batting: RHB Richard Bradley 0-0: Ball
1-0: Called Strike
1-1: Foul Ball, location: 2F
1-2: DOUBLE (Flyball, 8RD, EV 106.9 MPH)
Richard Berg scores
Batting: LHB Jesus Diaz 0-0: Ground out U3 (Groundball, 34S, EV 85.0 MPH)
Bottom of the 5th over - 1 run, 2 hits, 0 errors, 1 left on base; Montgomery 4 - Charlotte 3
TOP OF THE 6TH
Montgomery Rebels batting - Pitching for Charlotte Hornets : RHP Timothy Kammeyer
Batting: RHB Glenn Williams 0-0: Called Strike
0-1: Ball
1-1: Ball
2-1: Foul Ball, location: 2F
2-2: Ball
3-2: Fly out, F4 (Flyball, 34D, EV 86.9 MPH)
Batting: RHB Roberto Palacios 0-0: Called Strike
0-1: Foul Ball, location: 2F
0-2: Ground out 6-3 (Groundball, 6, EV 105.0 MPH)
Batting: RHB Jeff Schumaker 0-0: SINGLE (Flyball, 8LS, EV 91.3 MPH)
Batting: SHB Mike Thorpe 0-0: Ball
1-0: Called Strike
1-1: Called Strike
Jeff Schumaker steals 2nd base
1-2: Fly out, F3 (Popup, 3F, EV 67.5 MPH)
Top of the 6th over - 0 runs, 1 hit, 0 errors, 1 left on base; Montgomery 4 - Charlotte 3
BOTTOM OF THE 6TH
Charlotte Hornets batting - Pitching for Montgomery Rebels : RHP Emilio Bejar
Batting: RHB Juan Bonilla 0-0: Ball
1-0: Called Strike
1-1: Ball
2-1: Fly out, F9 (Flyball, 9, EV 83.1 MPH)
Batting: RHB Ron Johnson 0-0: SINGLE (Groundball, 56D, EV 101.9 MPH)
Batting: RHB Tom Romano 0-0: Ball
1-0: Fly out, F8 (Line Drive, 8LD, EV 95.0 MPH)
Batting: RHB Alvaro Espinoza 0-0: Ball
1-0: Ball
2-0: Called Strike
2-1: Called Strike
2-2: Foul Ball, location: 2F
2-2: Ball
3-2: SINGLE (Line Drive, 8LS, EV 90.0 MPH)
Ron Johnson to second
Ron Johnson to third
Batting: LHB Richard Berg 0-0: Foul Ball, location: 2F
0-1: Ball
1-1: Ball
2-1: Swinging Strike
2-2: Strikes out swinging
Bottom of the 6th over - 0 runs, 2 hits, 0 errors, 2 left on base; Montgomery 4 - Charlotte 3
TOP OF THE 7TH
Montgomery Rebels batting - Pitching for Charlotte Hornets : RHP Timothy Kammeyer
Pitching: RHP Mark Saunders
Batting: RHB Mike Colbern 0-0: Ball
1-0: Foul Ball, location: 2F
1-1: Ground out 6-3 (Groundball, 6, EV 81.9 MPH)
Batting: SHB Arthur Fischetti 0-0: Ball
1-0: Called Strike
1-1: Ball
2-1: Foul Ball, location: 2F
2-2: Foul Ball, location: 2F
2-2: Strikes out swinging
Batting: RHB Jarrett Sterner 0-0: Ball
1-0: Swinging Strike
1-1: SINGLE (Groundball, 56D, EV 95.0 MPH)
Batting: LHB Ray Crowley 0-0: Foul Ball, location: 2F
0-1: Ball
1-1: Foul Ball, location: 2F
1-2: Foul Ball, location: 2F
1-2: Foul Ball, location: 2F
1-2: DOUBLE (Line Drive, 78XD, EV 109.4 MPH)
Jarrett Sterner to third
Runner from 3rd tries for Home, SAFE, no throw by LF
Batting: RHB Milt Jefferson 0-0: Foul Ball, location: 2F
0-1: Ball
1-1: Fly out, F9 (Flyball, 89S, EV 85.0 MPH)
Top of the 7th over - 1 run, 2 hits, 0 errors, 1 left on base; Montgomery 5 - Charlotte 3
BOTTOM OF THE 7TH
Charlotte Hornets batting - Pitching for Montgomery Rebels : RHP Emilio Bejar
Batting: SHB Jose Mota 0-0: SINGLE (Line Drive, 56D, EV 110.6 MPH)
Batting: RHB John O'Rear 0-0: Ball
1-0: Ball
2-0: Ball
3-0: Called Strike
3-1: Foul Ball, location: 2F
3-2: Fly out, F9 (Line Drive, 9D, EV 94.4 MPH)
Batting: RHB Richard Bradley 0-0: Called Strike
0-1: Foul Ball, location: 2F
0-2: Ball
1-2: Strikes out swinging
Batting: LHB Jesus Diaz 0-0: Swinging Strike
0-1: Called Strike
0-2: Ball
Jose Mota is caught stealing 2nd base 2-6
Bottom of the 7th over - 0 runs, 1 hit, 0 errors, 0 left on base; Montgomery 5 - Charlotte 3
TOP OF THE 8TH
Montgomery Rebels batting - Pitching for Charlotte Hornets : RHP Mark Saunders
Batting: RHB Glenn Williams 0-0: Foul Ball, location: 2F
0-1: Swinging Strike
0-2: Foul Ball, location: 2F
0-2: Foul Ball, location: 2F
0-2: Ball
1-2: Strikes out swinging
Batting: RHB Roberto Palacios 0-0: Ball
1-0: Fly out, F8 (Flyball, 8RS, EV 88.1 MPH)
Batting: RHB Jeff Schumaker 0-0: Called Strike
0-1: Called Strike
0-2: Ball
1-2: Ball
2-2: Ball
3-2: DOUBLE (Line Drive, 78D, EV 107.5 MPH)
Batting: SHB Mike Thorpe 0-0: Intentional Walk
Pitching: RHP Victor Bernal
Batting: RHB Mike Colbern 0-0: Called Strike
0-1: Ball
1-1: Foul Ball, location: 2F
1-2: Ball
2-2: Foul Ball, location: 2F
2-2: Fly out, F9 (Flyball, 89M, EV 90.6 MPH)
Top of the 8th over - 0 runs, 1 hit, 0 errors, 2 left on base; Montgomery 5 - Charlotte 3
BOTTOM OF THE 8TH
Charlotte Hornets batting - Pitching for Montgomery Rebels : RHP Emilio Bejar
Pitching: RHP Lee Smith
Batting: LHB Jesus Diaz 0-0: Ball
1-0: Foul Ball, location: 2F
1-1: Foul Ball, location: 2F
1-2: Ball
2-2: Ball
3-2: Ground out U3 (Groundball, 3, EV 84.4 MPH)
Batting: RHB Juan Bonilla 0-0: Called Strike
0-1: Called Strike
0-2: Ball
1-2: Foul Ball, location: 2F
1-2: Ball
2-2: Ball
3-2: SINGLE (Line Drive, 6D, EV 105.0 MPH)
Batting: RHB Ron Johnson 0-0: Foul Ball, location: 2F
0-1: Called Strike
0-2: Strikes out swinging
Batting: RHB Tom Romano 0-0: Foul Ball, location: 2F
0-1: Ball
1-1: Ball
2-1: Ball
3-1: Base on Balls
Juan Bonilla to second
Batting: RHB Alvaro Espinoza 0-0: Ball
1-0: Called Strike
1-1: Ground out 4-3 (Groundball, 4, EV 100.6 MPH)
Bottom of the 8th over - 0 runs, 1 hit, 0 errors, 2 left on base; Montgomery 5 - Charlotte 3
TOP OF THE 9TH
Montgomery Rebels batting - Pitching for Charlotte Hornets : RHP Victor Bernal
Batting: SHB Arthur Fischetti 0-0: Foul Ball, location: 2F
0-1: Swinging Strike
0-2: Fly out, F1 (Line Drive, P, EV 63.1 MPH)
Batting: RHB Jarrett Sterner 0-0: Ground out 3-1 (Groundball, 34, EV 103.1 MPH)
Batting: LHB Ray Crowley 0-0: Ball
1-0: Ball
2-0: Called Strike
2-1: SINGLE (Groundball, 6MD, EV 95.0 MPH)
Batting: RHB Milt Jefferson 0-0: Ball
1-0: Foul Ball, location: 2F
1-1: Foul Ball, location: 2F
1-2: Fielders Choice at 2nd, 6-4 (Groundball, 6, EV 88.8 MPH)
Top of the 9th over - 0 runs, 1 hit, 0 errors, 1 left on base; Montgomery 5 - Charlotte 3
BOTTOM OF THE 9TH
Charlotte Hornets batting - Pitching for Montgomery Rebels : RHP Lee Smith
Batting: LHB Richard Berg 0-0: Ball
1-0: Ground out 5-3 (Groundball, 56, EV 78.8 MPH)
Batting: SHB Jose Mota 0-0: SINGLE (Groundball, 56D, EV 100.0 MPH)
Pinch Hitting: LHB Steve Macko 0-0: Foul Ball, location: 2F
0-1: Fielders Choice at 2nd, 3-6 (Groundball, 3, EV 85.0 MPH)
Pinch Hitting: RHB Barry Lyons 0-0: Ball
1-0: Foul Ball, location: 2F
1-1: Fly out, F8 (Flyball, 8LM, EV 82.5 MPH)
Bottom of the 9th over - 0 runs, 1 hit, 0 errors, 1 left on base; Montgomery 5 - Charlotte 3
Thursday, July 30th, 2020 - OOTP Baseball 21.5 Build 71